 Dungeon Crawl Stone Soup version 0.17-a0-1718-g72dbe4d (webtiles) character file.

70 EonDragon20 the Conjurer (level 4, 0/30 HPs)
             Began as a Human Wanderer on Aug 25, 2015.
             Shot with a stone by a goblin (2 damage)
             ... on level 2 of the Dungeon.
             The game lasted 00:14:05 (2760 turns).

EonDragon20 the Conjurer (Human Wanderer)           Turns: 2760, Time: 00:14:05

Health: 0/30       AC:  4    Str: 11    XL:     4   Next: 44%
Magic:  1/7        EV: 11    Int: 11    God:
Gold:   37         SH:  0    Dex: 16    Spells: 3 memorised, 1 level left

rFire  . . .     SeeInvis .     e - +0 dagger
rCold  . . .     Clarity  .     d - +0 robe
rNeg   . . .     SustAt   .     (no shield)
rPois  .         Gourm    .     (no helmet)
rElec  .         Spirit   .     h - +0 cloak
rCorr  .         Warding  .     o - +0 pair of gloves
rMut   .         Stasis   .     (no boots)
MR     .....                    (no amulet)
Stlth  ++........               (no ring)
                                (no ring)

@: lethally poisoned (0 -> -1), very slightly contaminated, not resistant to
hostile enchantments, unstealthy
A: no striking features
a: no special abilities


You were on level 2 of the Dungeon.
You were hungry.

You visited 1 branch of the dungeon, and saw 2 of its levels.

You collected 37 gold pieces.

Inventory:

Hand weapons
 e - a +0 dagger (weapon)
Armour
 d - a +0 robe (worn)
 h - a +0 cloak (worn)
 o - a +0 pair of gloves (worn)
Magical devices
 c - a wand of random effects (3)
Scrolls
 i - 4 scrolls of identify
 k - a scroll of magic mapping
Books
 a - a book of Minor Magic

   Spells                             Type                      Level
   a - Magic Dart                     Conjuration                  1
   b - Blink                          Translocation                2
   c - Call Imp                       Summoning                    2
   d - Repel Missiles                 Charms/Air                   2
   e - Slow                           Hexes                        2
   f - Conjure Flame                  Conjuration/Fire             3
   g - Mephitic Cloud                 Conjuration/Poison/Air       3
Comestibles
 b - 2 chunks of flesh
 f - a bread ration
 g - 3 fruits
 l - 2 beef jerkies


   Skills:
   Level 3.0 Maces & Flails
 - Level 2.0 Armour
 - Level 1.0 Stealth
 - Level 2.0 Spellcasting
 * Level 3.1 Conjurations
 * Level 2.0 Air Magic
 - Level 1.0 Evocations


You had one spell level left.
You knew the following spells:

 Your Spells              Type           Power        Failure   Level  Hunger
a - Magic Dart            Conj           #...         10%         1    ##.....
b - Repel Missiles        Chrm/Air       #.....       30%         2    ###....
c - Mephitic Cloud        Conj/Pois/Air  #.......     47%         3    ####...


Dungeon Overview and Level Annotations

Branches:
Dungeon (2/15)

Altars:


Message History

Aim: an adder (heavily wounded)
The adder flickers and vanishes!
Deactivating autopickup; reactivate with Ctrl-A.
This wand has 5 charges left.
Something bites you but does no damage.
The goblin shoots a stone.
The stone hits you.
Evoke which item? (* to show all) (? for menu, Esc to quit)
Zapping:
c - a wand of random effects (5)
Press: ? - help, Shift-Dir - straight line You hear a mighty clap of thunder!
This wand has 4 charges left.
Something bites you.
The goblin shoots a stone.
The stone hits you.
* * * LOW HITPOINT WARNING * * *
Evoke which item? (* to show all) (? for menu, Esc to quit)
Zapping:
c - a wand of random effects (4)
Press: ? - help, Shift-Dir - straight line Nothing appears to happen.
This wand has 3 charges left.
You feel sick. Something bites you but does no damage. Something bites you.
* * * LOW HITPOINT WARNING * * *
The goblin shoots a stone.
The stone hits you.
You die...

########.........(..#
#######w###### #g#
#.# #.# #.# #.#
######### #.#
........####@##
#######....{(.#
####...#######
#..'...'..#..#
#..#...#.?#..#
#+#####...#####'####
+.....#...#.....+..#
#.....#...#.....#..#
#.....'...'.....##†#


You could see a worm and a goblin.

Vanquished Creatures
  3 adders (D:2)
  An ooze (D:1)
  2 giant geckos (D:1)
  4 ball pythons (D:2)
  2 giant cockroaches (D:1)
  2 goblins (D:1)
  8 hobgoblins (D:1)
  A quokka (D:2)
  9 bats
  3 giant newts
  A kobold (D:1)
  2 rats (D:1)
38 creatures vanquished.

Notes
Turn   | Place    | Note
--------------------------------------------------------------
     0 | D:1      | EonDragon20 the Human Wanderer began the quest for the Orb.
     0 | D:1      | EonDragon20 set off with: a book of Minor Magic, a potion of curing, a wand of random effects (15), a +0 robe, a +0 dagger, a bread ration
     0 | D:1      | Reached XP level 1. HP: 13/13 MP: 3/3
     2 | D:1      | Learned a level 1 spell: Magic Dart
   186 | D:1      | Reached skill level 1 in Conjurations
   349 | D:1      | Reached XP level 2. HP: 11/19 MP: 0/5
   486 | D:1      | Learned a level 2 spell: Repel Missiles
  1083 | D:1      | Reached XP level 3. HP: 18/24 MP: 0/6
  1680 | D:1      | Learned a level 3 spell: Mephitic Cloud
  2316 | D:2      | Reached XP level 4. HP: 30/30 MP: 1/7
  2760 | D:2      | Shot with a stone by a goblin

Vault maps used:
D:1:      roderic_crop_circles_arrival_small, minmay_misc_feat_cross
D:2:      okawaru_trees_1, ecumenical_altar_2, minmay_snake_closets

Action                   |  1- 3 |  4- 6 || total
-------------------------+-------+-------++-------
Melee: Dagger            |    61 |     2 ||    63
 Cast: Magic Dart        |    95 |     6 ||   101
       Mephitic Cloud    |     1 |       ||     1
Evoke: Wand              |       |    12 ||    12
  Use: Scroll            |     4 |       ||     4
       Potion            |       |     1 ||     1
 Stab: Sleeping          |       |     1 ||     1
  Eat: Chunk             |     7 |     2 ||     9
